| TOP OF THE 1ST |
|
Hagerstown Suns batting - Pitching for Great Lakes Loons : LHP J.P. Blair
|
|
Pitching: LHP J.P. Blair
|
|
|
Batting: RHB Pat Drader
|
0-0: Ball 1-0: Ball 2-0: SINGLE (Groundball, 25, EV 70.6 MPH) (infield hit)
|
|
Batting: RHB Kevin Wick
|
0-0: Ball 1-0: Called Strike 1-1: Ball 2-1: Fielders Choice at 2nd, 6-4 (Groundball, 6, EV 88.1 MPH)
|
|
Batting: RHB John McNeill
|
0-0: Grounds into double play, 6-4-3 (Groundball, 6, EV 110.6 MPH)
|
| Top of the 1st over - 0 runs, 1 hit, 0 errors, 0 left on base; Hagerstown 0 - Great Lakes 0 |
| BOTTOM OF THE 1ST |
|
Great Lakes Loons batting - Pitching for Hagerstown Suns : RHP Luis Cruz
|
|
Pitching: RHP Luis Cruz
|
|
|
Batting: RHB Ken Jenkins
|
0-0: Ball 1-0: Called Strike 1-1: Fly out, F8 (Flyball, 8RM, EV 93.1 MPH)
|
|
Batting: RHB Alex Mejia
|
0-0: Ball 1-0: Swinging Strike 1-1: Ball 2-1: Called Strike 2-2: Strikes out swinging
|
|
Batting: LHB Antonio Luis
|
0-0: Foul Ball, location: 2F 0-1: Ball 1-1: Called Strike 1-2: Foul Ball, location: 2F 1-2: SOLO HOME RUN (Line Drive, 9D, EV 95.6 MPH), Distance : 373 ft
|
|
Batting: RHB Mike Sims
|
0-0: Ball 1-0: Fly out, F7 (Flyball, 7D, EV 93.1 MPH)
|
| Bottom of the 1st over - 1 run, 1 hit, 0 errors, 0 left on base; Hagerstown 0 - Great Lakes 1 |
| TOP OF THE 2ND |
|
Hagerstown Suns batting - Pitching for Great Lakes Loons : LHP J.P. Blair
|
|
Batting: RHB Jim Towle
|
0-0: Called Strike 0-1: Ball 1-1: Ball 2-1: Foul Ball, location: 2F 2-2: Strikes out looking
|
|
Batting: LHB Yoshiya Kurokawa
|
0-0: Ball 1-0: Ball 2-0: Ball 3-0: Called Strike 3-1: Foul Ball, location: 2F 3-2: SOLO HOME RUN (Flyball, 78XD, EV 95.0 MPH), Distance : 385 ft
|
|
Batting: RHB Felix Torres
|
0-0: Foul Ball, location: 2F 0-1: Ball 1-1: SINGLE (Groundball, 5S, EV 71.9 MPH) (infield hit)
|
|
Batting: RHB Justin Slifka
|
0-0: Ball 1-0: Foul Ball, location: 2F 1-1: Called Strike 1-2: Ball 2-2: Strikes out swinging
|
|
Batting: RHB Scott Skoglund
|
0-0: Ball 1-0: Fly out, F6 (Line Drive, 6, EV 65.0 MPH)
|
| Top of the 2nd over - 1 run, 2 hits, 0 errors, 1 left on base; Hagerstown 1 - Great Lakes 1 |
| BOTTOM OF THE 2ND |
|
Great Lakes Loons batting - Pitching for Hagerstown Suns : RHP Luis Cruz
|
|
Batting: LHB Jim Chalk
|
0-0: Ground out U3 (Groundball, 3L, EV 86.3 MPH)
|
|
Batting: LHB Alberto Chavez
|
0-0: Ball 1-0: Foul Ball, location: 2F 1-1: Foul Ball, location: 2F 1-2: SINGLE (Line Drive, 9LM, EV 101.3 MPH)
|
|
Batting: RHB Phil Knox
|
0-0: Swinging Strike 0-1: Ball 1-1: Foul Ball, location: 2F 1-2: Fly out, F4 (Popup, 34, EV 73.8 MPH)
|
|
Batting: RHB Sean Tanner
|
0-0: Ball 1-0: Swinging Strike 1-1: Ball Wild Pitch! Alberto Chavez to second 2-1: Ball 3-1: Base on Balls
|
|
Batting: RHB Santos Guadalupe
|
0-0: Called Strike 0-1: Called Strike 0-2: Ball 1-2: Strikes out swinging
|
| Bottom of the 2nd over - 0 runs, 1 hit, 0 errors, 2 left on base; Hagerstown 1 - Great Lakes 1 |
| TOP OF THE 3RD |
|
Hagerstown Suns batting - Pitching for Great Lakes Loons : LHP J.P. Blair
|
|
Batting: RHB Bobby Dieter
|
0-0: Ball 1-0: Foul Ball, location: 2F 1-1: Called Strike 1-2: Ball 2-2: Ball 3-2: DOUBLE (Line Drive, 9LM, EV 106.9 MPH)
|
|
Batting: RHB Pat Drader
|
0-0: Called Strike 0-1: Ball 1-1: DOUBLE (Line Drive, 3D, EV 101.3 MPH) Bobby Dieter scores
|
|
Batting: RHB Kevin Wick
|
0-0: Ball 1-0: Called Strike 1-1: Called Strike 1-2: Ball 2-2: Foul Ball, location: 2F 2-2: Ball 3-2: Fly out, F4 (Popup, 34S, EV 83.1 MPH)
|
|
Batting: RHB John McNeill
|
0-0: Called Strike Pat Drader steals 3rd base 0-1: Foul Ball, location: 2F 0-2: Fly out, F8 (Line Drive, 8LD, EV 106.9 MPH) Runner from 3rd tags up, SCORES, throw by CF
|
|
Batting: RHB Jim Towle
|
0-0: Swinging Strike 0-1: Ball 1-1: Swinging Strike 1-2: Ball 2-2: Foul Ball, location: 2F 2-2: Strikes out swinging
|
| Top of the 3rd over - 2 runs, 2 hits, 0 errors, 0 left on base; Hagerstown 3 - Great Lakes 1 |
| BOTTOM OF THE 3RD |
|
Great Lakes Loons batting - Pitching for Hagerstown Suns : RHP Luis Cruz
|
|
Batting: RHB Ken Jenkins
|
0-0: Called Strike 0-1: Foul Ball, location: 2F 0-2: Ball 1-2: SINGLE (Groundball, 34D, EV 110.6 MPH)
|
|
Batting: RHB Alex Mejia
|
0-0: Ball 1-0: Called Strike Ken Jenkins steals 2nd base 1-1: Ground out 6-3 (Groundball, 6, EV 103.1 MPH)
|
|
Batting: LHB Antonio Luis
|
0-0: Called Strike 0-1: Ball Wild Pitch! Ken Jenkins to third 1-1: Ball 2-1: Fly out, F9 (Line Drive, 9, EV 92.5 MPH) Runner from 3rd tags up, SCORES, throw by RF
|
|
Batting: RHB Mike Sims
|
0-0: Called Strike 0-1: Called Strike 0-2: SOLO HOME RUN (Flyball, 7LD, EV 96.9 MPH), Distance : 348 ft
|
|
Batting: LHB Jim Chalk
|
0-0: Foul Ball, location: 2F 0-1: Ground out 6-3 (Groundball, 6M, EV 83.8 MPH)
|
| Bottom of the 3rd over - 2 runs, 2 hits, 0 errors, 0 left on base; Hagerstown 3 - Great Lakes 3 |
| TOP OF THE 4TH |
|
Hagerstown Suns batting - Pitching for Great Lakes Loons : LHP J.P. Blair
|
|
Batting: LHB Yoshiya Kurokawa
|
0-0: Called Strike 0-1: Ball 1-1: Foul Ball, location: 2F 1-2: Ball 2-2: DOUBLE (Flyball, 89D, EV 93.1 MPH)
|
|
Batting: RHB Felix Torres
|
0-0: Ball 1-0: Ball 2-0: Ball 3-0: Base on Balls
|
|
Batting: RHB Justin Slifka
|
0-0: Foul Ball, location: 2F 0-1: Ball 1-1: Foul Ball, location: 2F 1-2: Ball 2-2: Fly out, F9 (Flyball, 9, EV 95.6 MPH)
|
|
Batting: RHB Scott Skoglund
|
0-0: Called Strike 0-1: Ball 1-1: Foul Ball, location: 2F 1-2: Strikes out swinging
|
|
Batting: RHB Bobby Dieter
|
0-0: Foul Ball, location: 2F 0-1: Called Strike 0-2: Ball 1-2: Ball 2-2: Foul Ball, location: 2F 2-2: Ground out 2-3 (Groundball, 15S, EV 65.6 MPH)
|
| Top of the 4th over - 0 runs, 1 hit, 0 errors, 2 left on base; Hagerstown 3 - Great Lakes 3 |
| BOTTOM OF THE 4TH |
|
Great Lakes Loons batting - Pitching for Hagerstown Suns : RHP Luis Cruz
|
|
Batting: LHB Alberto Chavez
|
0-0: Called Strike 0-1: Foul Ball, location: 2F 0-2: Ball 1-2: Foul Ball, location: 2F 1-2: Foul Ball, location: 2F 1-2: Foul Ball, location: 2F 1-2: Ball 2-2: Foul Ball, location: 2F 2-2: SINGLE (Groundball, 34D, EV 105.0 MPH)
|
|
Batting: RHB Phil Knox
|
0-0: Fly out, F8 (Flyball, 8LS, EV 92.5 MPH)
|
|
Batting: RHB Sean Tanner
|
0-0: Swinging Strike 0-1: Ball 1-1: Fielders Choice at 2nd, 3-6 (Groundball, 34, EV 90.6 MPH)
|
|
Batting: RHB Santos Guadalupe
|
0-0: Ball 1-0: Ground out 4-3 (Groundball, 34, EV 98.8 MPH)
|
| Bottom of the 4th over - 0 runs, 1 hit, 0 errors, 1 left on base; Hagerstown 3 - Great Lakes 3 |
| TOP OF THE 5TH |
|
Hagerstown Suns batting - Pitching for Great Lakes Loons : LHP J.P. Blair
|
|
Batting: RHB Pat Drader
|
0-0: Foul Ball, location: 2F 0-1: Foul Ball, location: 2F 0-2: Foul Ball, location: 2F 0-2: Foul Ball, location: 2F 0-2: Ball 1-2: Foul Ball, location: 2F 1-2: Strikes out swinging
|
|
Pitching: RHP Bobby Primaticcio
|
|
|
Batting: RHB Kevin Wick
|
0-0: Ball 1-0: Foul Ball, location: 2F 1-1: Called Strike 1-2: Ball 2-2: Foul Ball, location: 2F 2-2: Strikes out swinging
|
|
Batting: RHB John McNeill
|
0-0: Ball 1-0: Called Strike 1-1: Ball 2-1: Ball 3-1: Ground out 6-3 (Groundball, 6, EV 86.9 MPH)
|
| Top of the 5th over - 0 runs, 0 hits, 0 errors, 0 left on base; Hagerstown 3 - Great Lakes 3 |
| BOTTOM OF THE 5TH |
|
Great Lakes Loons batting - Pitching for Hagerstown Suns : RHP Luis Cruz
|
|
Batting: RHB Ken Jenkins
|
0-0: Ball 1-0: Called Strike 1-1: Called Strike 1-2: Ball 2-2: Ground out U3 (Groundball, 34S, EV 83.1 MPH)
|
|
Batting: RHB Alex Mejia
|
0-0: Foul Ball, location: 2F 0-1: Fly out, F9 (Flyball, 9, EV 93.1 MPH)
|
|
Batting: LHB Antonio Luis
|
0-0: Ground out 6-3 (Groundball, P, EV 76.9 MPH)
|
| Bottom of the 5th over - 0 runs, 0 hits, 0 errors, 0 left on base; Hagerstown 3 - Great Lakes 3 |
| TOP OF THE 6TH |
|
Hagerstown Suns batting - Pitching for Great Lakes Loons : RHP Bobby Primaticcio
|
|
Batting: RHB Jim Towle
|
0-0: Ball 1-0: Called Strike 1-1: SOLO HOME RUN (Flyball, 9LD, EV 96.3 MPH), Distance : 340 ft
|
|
Batting: LHB Yoshiya Kurokawa
|
0-0: Ball 1-0: Swinging Strike 1-1: Ball 2-1: Swinging Strike 2-2: Ball 3-2: Foul Ball, location: 2F 3-2: Base on Balls
|
|
Batting: RHB Felix Torres
|
0-0: Ball 1-0: Ball 2-0: Called Strike 2-1: Ball 3-1: Base on Balls Yoshiya Kurokawa to second
|
|
Batting: RHB Justin Slifka
|
0-0: Foul Ball, location: 2F 0-1: Ball 1-1: Swinging Strike 1-2: Ball 2-2: Ball 3-2: Base on Balls Yoshiya Kurokawa to third Felix Torres to second
|
|
Batting: RHB Scott Skoglund
|
0-0: Called Strike 0-1: Ball 1-1: Ball 2-1: Ball 3-1: Base on Balls Yoshiya Kurokawa scores Felix Torres to third Justin Slifka to second
|
|
Batting: RHB Bobby Dieter
|
0-0: DOUBLE (Line Drive, 78D, EV 101.3 MPH) Felix Torres scores Justin Slifka scores Scott Skoglund to third
|
|
Pitching: RHP George Credle
|
|
|
Batting: RHB Pat Drader
|
0-0: Called Strike 0-1: Ball 1-1: Ball Wild Pitch! Scott Skoglund scores Bobby Dieter to third 2-1: Ball 3-1: Base on Balls
|
|
Batting: RHB Kevin Wick
|
0-0: Called Strike 0-1: Foul Ball, location: 2F 0-2: Ball 1-2: Ball 2-2: Strikes out swinging
|
|
Batting: RHB John McNeill
|
0-0: Swinging Strike 0-1: Ball 1-1: Fly out, F8 (Line Drive, 8LD, EV 91.9 MPH) Runner from 3rd tags up, SCORES, throw by CF
|
|
Batting: RHB Jim Towle
|
0-0: Ball 1-0: Ball 2-0: Ball 3-0: Called Strike 3-1: Ground out 6-3 (Groundball, 4MD, EV 82.5 MPH)
|
| Top of the 6th over - 6 runs, 2 hits, 0 errors, 1 left on base; Hagerstown 9 - Great Lakes 3 |
| BOTTOM OF THE 6TH |
|
Great Lakes Loons batting - Pitching for Hagerstown Suns : RHP Luis Cruz
|
|
Batting: RHB Mike Sims
|
0-0: Called Strike 0-1: Swinging Strike 0-2: Ball 1-2: Foul Ball, location: 2F 1-2: Foul Ball, location: 2F 1-2: Ball 2-2: Fly out, F9 (Flyball, 9, EV 92.5 MPH)
|
|
Batting: LHB Jim Chalk
|
0-0: Foul Ball, location: 2F 0-1: DOUBLE (Line Drive, 5D, EV 96.9 MPH)
|
|
Batting: LHB Alberto Chavez
|
0-0: Ball 1-0: Called Strike 1-1: Ball 2-1: Foul Ball, location: 2F 2-2: Fly out, F9 (Flyball, 9LM, EV 90.6 MPH)
|
|
Batting: RHB Phil Knox
|
0-0: Called Strike 0-1: Ball 1-1: Ball 2-1: Foul Ball, location: 2F 2-2: Foul Ball, location: 2F 2-2: Foul Ball, location: 2F 2-2: Foul Ball, location: 2F 2-2: Foul Ball, location: 2F 2-2: Ball 3-2: Fly out, F8 (Flyball, 8LS, EV 86.3 MPH)
|
| Bottom of the 6th over - 0 runs, 1 hit, 0 errors, 1 left on base; Hagerstown 9 - Great Lakes 3 |
| TOP OF THE 7TH |
|
Hagerstown Suns batting - Pitching for Great Lakes Loons : RHP George Credle
|
|
Batting: LHB Yoshiya Kurokawa
|
0-0: Ball 1-0: Swinging Strike 1-1: Ground out 4-3 (Groundball, 4, EV 88.1 MPH)
|
|
Batting: RHB Felix Torres
|
0-0: Ball 1-0: Ground out 6-3 (Groundball, 6, EV 103.8 MPH)
|
|
Batting: RHB Justin Slifka
|
0-0: Ball 1-0: Ground out 6-3 (Groundball, 6, EV 105.6 MPH)
|
| Top of the 7th over - 0 runs, 0 hits, 0 errors, 0 left on base; Hagerstown 9 - Great Lakes 3 |
| BOTTOM OF THE 7TH |
|
Great Lakes Loons batting - Pitching for Hagerstown Suns : RHP Luis Cruz
|
|
Batting: RHB Sean Tanner
|
0-0: Ball 1-0: Ball 2-0: Called Strike 2-1: Foul Ball, location: 2F 2-2: Foul Ball, location: 2F 2-2: Ball 3-2: Foul Ball, location: 2F 3-2: Fly out, F8 (Flyball, 8LM, EV 78.8 MPH)
|
|
Pitching: RHP Tony Estrada
|
|
|
Batting: RHB Santos Guadalupe
|
0-0: Ground out 6-3 (Groundball, 6M, EV 90.6 MPH)
|
|
Batting: RHB Ken Jenkins
|
0-0: Ball 1-0: SINGLE (Flyball, 6D, EV 92.5 MPH)
|
|
Batting: RHB Alex Mejia
|
0-0: Ball Ken Jenkins steals 2nd base 1-0: Fly out, F7 (Flyball, 7S, EV 85.6 MPH)
|
| Bottom of the 7th over - 0 runs, 1 hit, 0 errors, 1 left on base; Hagerstown 9 - Great Lakes 3 |
| TOP OF THE 8TH |
|
Hagerstown Suns batting - Pitching for Great Lakes Loons : RHP George Credle
|
|
Batting: RHB Scott Skoglund
|
0-0: Ball 1-0: Ground out 3-1 (Groundball, 34S, EV 65.6 MPH)
|
|
Batting: RHB Bobby Dieter
|
0-0: Ball 1-0: Called Strike 1-1: Ball 2-1: Foul Ball, location: 2F 2-2: Ball 3-2: Strikes out swinging
|
|
Batting: RHB Pat Drader
|
0-0: Foul Ball, location: 2F 0-1: Ball 1-1: Ball 2-1: Ball 3-1: Foul Ball, location: 2F 3-2: Foul Ball, location: 2F 3-2: Foul Ball, location: 2F 3-2: Foul Ball, location: 2F 3-2: Base on Balls
|
|
Batting: RHB Kevin Wick
|
0-0: Ball 1-0: Called Strike 1-1: Swinging Strike 1-2: Strikes out swinging
|
| Top of the 8th over - 0 runs, 0 hits, 0 errors, 1 left on base; Hagerstown 9 - Great Lakes 3 |
| BOTTOM OF THE 8TH |
|
Great Lakes Loons batting - Pitching for Hagerstown Suns : RHP Tony Estrada
|
|
Batting: LHB Antonio Luis
|
0-0: Ball 1-0: Called Strike 1-1: Foul Ball, location: 2F 1-2: Ball 2-2: Ground out 4-3 (Groundball, 34, EV 88.8 MPH)
|
|
Batting: RHB Mike Sims
|
0-0: Called Strike 0-1: Ball 1-1: Ball 2-1: Ball 3-1: Fly out, F8 (Flyball, 78M, EV 89.4 MPH)
|
|
Batting: LHB Jim Chalk
|
0-0: Ball 1-0: SINGLE (Groundball, 6D, EV 96.3 MPH)
|
|
Batting: LHB Alberto Chavez
|
0-0: Called Strike 0-1: Called Strike 0-2: Ball 1-2: Ball 2-2: Ball 3-2: Ground out 6-3 (Groundball, 6, EV 106.3 MPH)
|
| Bottom of the 8th over - 0 runs, 1 hit, 0 errors, 1 left on base; Hagerstown 9 - Great Lakes 3 |
| TOP OF THE 9TH |
|
Hagerstown Suns batting - Pitching for Great Lakes Loons : RHP George Credle
|
|
Batting: RHB John McNeill
|
0-0: Ball 1-0: TRIPLE (Line Drive, 9LD, EV 100.0 MPH)
|
|
Pitching: RHP Angel Rivas
|
|
|
Batting: RHB Jim Towle
|
0-0: Called Strike 0-1: Called Strike 0-2: Ball 1-2: Strikes out swinging
|
|
Batting: LHB Yoshiya Kurokawa
|
0-0: Foul Ball, location: 2F 0-1: Ball 1-1: Foul Ball, location: 2F 1-2: Ball 2-2: Strikes out looking
|
|
Batting: RHB Felix Torres
|
0-0: Ball 1-0: Ball 2-0: Called Strike 2-1: Ball 3-1: Fly out, F6 (Popup, 6M, EV 53.8 MPH)
|
| Top of the 9th over - 0 runs, 1 hit, 0 errors, 1 left on base; Hagerstown 9 - Great Lakes 3 |
| BOTTOM OF THE 9TH |
|
Great Lakes Loons batting - Pitching for Hagerstown Suns : RHP Tony Estrada
|
|
Batting: RHB Phil Knox
|
0-0: Ball 1-0: Foul Ball, location: 2F 1-1: Foul Ball, location: 2F 1-2: Ball 2-2: Ground out 6-3 (Groundball, 6M, EV 107.5 MPH)
|
|
Batting: RHB Sean Tanner
|
0-0: Ball 1-0: Ball 2-0: Called Strike 2-1: Ground out U3 (Groundball, 34S, EV 76.3 MPH)
|
|
Batting: RHB Santos Guadalupe
|
0-0: Ball 1-0: Swinging Strike 1-1: Ball 2-1: Ball 3-1: SINGLE (Groundball, 4D, EV 103.8 MPH)
|
|
Batting: RHB Ken Jenkins
|
0-0: Ball 1-0: Called Strike 1-1: Called Strike 1-2: Foul Ball, location: 2F 1-2: Strikes out swinging
|
| Bottom of the 9th over - 0 runs, 1 hit, 0 errors, 1 left on base; Hagerstown 9 - Great Lakes 3 |
|